| TOP OF THE 1ST |
|
Oakland (APP) Athletics batting - Pitching for Bluefield Blue Jays : LHP Mitchel Larson
|
|
Pitching: LHP Mitchel Larson
|
|
|
Batting: LHB Tomas Segarra
|
0-0: Called Strike 0-1: Ball 1-1: Swinging Strike 1-2: Ball 2-2: Fly out, F5 (Popup, 5F, EV 68.8 MPH)
|
|
Batting: RHB Matt Sherard
|
0-0: Ball 1-0: Foul Ball, location: 2F 1-1: DOUBLE (Line Drive, 89XD, EV 105.0 MPH)
|
|
Batting: RHB Scott Wiggs
|
0-0: Called Strike 0-1: Ball 1-1: Swinging Strike 1-2: Strikes out swinging
|
|
Batting: RHB Matt Black
|
0-0: Called Strike 0-1: Ball 1-1: Ball 2-1: Foul Ball, location: 2F 2-2: 2-RUN HOME RUN (Line Drive, 7LD, EV 99.4 MPH), Distance : 381 ft
|
|
Batting: SHB D.J. Codd
|
0-0: Ball 1-0: Fly out, F9 (Line Drive, 9S, EV 98.1 MPH)
|
| Top of the 1st over - 2 runs, 2 hits, 0 errors, 0 left on base; Oakland (APP) 2 - Bluefield 0 |
| BOTTOM OF THE 1ST |
|
Bluefield Blue Jays batting - Pitching for Oakland (APP) Athletics : RHP Jesus Moreno
|
|
Pitching: RHP Jesus Moreno
|
|
|
Batting: RHB Stephen Casteel
|
0-0: Ball 1-0: Ball 2-0: Foul Ball, location: 2F 2-1: SINGLE (Groundball, 6MD, EV 98.8 MPH)
|
|
Batting: LHB Kurt Estep
|
0-0: Called Strike 0-1: Ball 1-1: Called Strike 1-2: Strikes out swinging
|
|
Batting: RHB Bill Murray
|
0-0: Ball 1-0: Called Strike Stephen Casteel steals 2nd, throwing error, E2 Stephen Casteel to third 1-1: Foul Ball, location: 2F 1-2: Ball 2-2: Ball 3-2: Foul Ball, location: 2F 3-2: Foul Ball, location: 2F 3-2: Ground out 6-3 (Groundball, 6, EV 93.8 MPH) Stephen Casteel scores
|
|
Batting: RHB Victor Ayala
|
0-0: Foul Ball, location: 2F 0-1: Ground out 6-3 (Groundball, 6S, EV 68.1 MPH)
|
| Bottom of the 1st over - 1 run, 1 hit, 1 error, 0 left on base; Oakland (APP) 2 - Bluefield 1 |
| TOP OF THE 2ND |
|
Oakland (APP) Athletics batting - Pitching for Bluefield Blue Jays : LHP Mitchel Larson
|
|
Batting: LHB Gregg Power
|
0-0: Foul Ball, location: 2F 0-1: Ball 1-1: DOUBLE (Groundball, 3L, EV 94.4 MPH)
|
|
Pinch Runner at 2nd Darius Mitchell:
|
|
|
Batting: RHB Zack DiCicco
|
0-0: Ball 1-0: Ball 2-0: Called Strike 2-1: 2-RUN HOME RUN (Flyball, 78XD, EV 105.0 MPH), Distance : 414 ft
|
|
Batting: LHB Nick Pacheco
|
0-0: Ball 1-0: Swinging Strike 1-1: Swinging Strike 1-2: Ball 2-2: Ball 3-2: Fly out, F7 (Flyball, 7S, EV 96.2 MPH)
|
|
Batting: RHB Antonio Olivares
|
0-0: Ball 1-0: Called Strike 1-1: Called Strike 1-2: Ball 2-2: Strikes out swinging
|
|
Batting: LHB Tomas Segarra
|
0-0: Ball 1-0: Called Strike 1-1: Ball 2-1: Foul Ball, location: 2F 2-2: Foul Ball, location: 2F 2-2: Foul Ball, location: 2F 2-2: Ball 3-2: Ground out 3-1 (Groundball, 34S, EV 77.5 MPH)
|
| Top of the 2nd over - 2 runs, 2 hits, 0 errors, 0 left on base; Oakland (APP) 4 - Bluefield 1 |
| BOTTOM OF THE 2ND |
|
Bluefield Blue Jays batting - Pitching for Oakland (APP) Athletics : RHP Jesus Moreno
|
|
Now at C: Darius Mitchell
|
|
|
Batting: LHB Eric Toney
|
0-0: Reached on error, E5 (Groundball, 25, EV 93.1 MPH)
|
|
Batting: RHB Shunsuke Shiba Inu
|
0-0: Ball 1-0: Foul Ball, location: 2F 1-1: Fly out, F8 (Flyball, 8RXD, EV 107.5 MPH)
|
|
Batting: RHB Dan Muns
|
0-0: Ball 1-0: Called Strike 1-1: Ball 2-1: Swinging Strike 2-2: Strikes out swinging
|
|
Batting: SHB Dominik Hasek II
|
0-0: Called Strike 0-1: Ball 1-1: Ball 2-1: Ball 3-1: Base on Balls Eric Toney to second
|
|
Batting: RHB Mike Johnson
|
0-0: Ball 1-0: Called Strike 1-1: Called Strike 1-2: Ball 2-2: Strikes out swinging
|
| Bottom of the 2nd over - 0 runs, 0 hits, 1 error, 2 left on base; Oakland (APP) 4 - Bluefield 1 |
| TOP OF THE 3RD |
|
Oakland (APP) Athletics batting - Pitching for Bluefield Blue Jays : LHP Mitchel Larson
|
|
Batting: RHB Matt Sherard
|
0-0: Foul Ball, location: 2F 0-1: Foul Ball, location: 2F 0-2: Ball 1-2: Fly out, F7 (Line Drive, 78M, EV 89.4 MPH)
|
|
Batting: RHB Scott Wiggs
|
0-0: Swinging Strike 0-1: Swinging Strike 0-2: Strikes out looking
|
|
Batting: RHB Matt Black
|
0-0: Foul Ball, location: 2F 0-1: Ball 1-1: Foul Ball, location: 2F 1-2: Foul Ball, location: 2F 1-2: Ball 2-2: Foul Ball, location: 2F 2-2: Foul Ball, location: 2F 2-2: Ball 3-2: Foul Ball, location: 2F 3-2: Foul Ball, location: 2F 3-2: SOLO HOME RUN (Flyball, 78XD, EV 115.0 MPH), Distance : 438 ft
|
|
Batting: SHB D.J. Codd
|
0-0: Ground out 4-3 (Groundball, 4S, EV 90.6 MPH)
|
| Top of the 3rd over - 1 run, 1 hit, 0 errors, 0 left on base; Oakland (APP) 5 - Bluefield 1 |
| BOTTOM OF THE 3RD |
|
Bluefield Blue Jays batting - Pitching for Oakland (APP) Athletics : RHP Jesus Moreno
|
|
Batting: RHB Stephen Casteel
|
0-0: Ball 1-0: Ball 2-0: Swinging Strike 2-1: Called Strike 2-2: Strikes out swinging
|
|
Batting: LHB Kurt Estep
|
0-0: Foul Ball, location: 2F 0-1: Foul Ball, location: 2F 0-2: Ball 1-2: Strikes out swinging
|
|
Batting: RHB Bill Murray
|
0-0: Ball 1-0: Swinging Strike 1-1: Ball 2-1: Foul Ball, location: 2F 2-2: Fly out, F7 (Flyball, 78M, EV 91.2 MPH)
|
| Bottom of the 3rd over - 0 runs, 0 hits, 0 errors, 0 left on base; Oakland (APP) 5 - Bluefield 1 |
| TOP OF THE 4TH |
|
Oakland (APP) Athletics batting - Pitching for Bluefield Blue Jays : LHP Mitchel Larson
|
|
Batting: RHB Darius Mitchell
|
0-0: Foul Ball, location: 2F 0-1: Foul Ball, location: 2F 0-2: Strikes out swinging
|
|
Batting: RHB Zack DiCicco
|
0-0: Called Strike 0-1: Swinging Strike 0-2: Foul Ball, location: 2F 0-2: Ball 1-2: Strikes out swinging
|
|
Batting: LHB Nick Pacheco
|
0-0: Ball 1-0: Called Strike 1-1: Ball 2-1: Foul Ball, location: 2F 2-2: Strikes out swinging
|
| Top of the 4th over - 0 runs, 0 hits, 0 errors, 0 left on base; Oakland (APP) 5 - Bluefield 1 |
| BOTTOM OF THE 4TH |
|
Bluefield Blue Jays batting - Pitching for Oakland (APP) Athletics : RHP Jesus Moreno
|
|
Batting: RHB Victor Ayala
|
0-0: Swinging Strike 0-1: Ball 1-1: Ball 2-1: Ground out 6-3 (Groundball, 6, EV 88.1 MPH)
|
|
Batting: LHB Eric Toney
|
0-0: Called Strike 0-1: Ball 1-1: Ball 2-1: Ground out 6-3 (Groundball, 6, EV 98.1 MPH)
|
|
Batting: RHB Shunsuke Shiba Inu
|
0-0: Called Strike 0-1: Ball 1-1: Swinging Strike 1-2: Ball 2-2: Strikes out looking
|
| Bottom of the 4th over - 0 runs, 0 hits, 0 errors, 0 left on base; Oakland (APP) 5 - Bluefield 1 |
| TOP OF THE 5TH |
|
Oakland (APP) Athletics batting - Pitching for Bluefield Blue Jays : LHP Mitchel Larson
|
|
Batting: RHB Antonio Olivares
|
0-0: Ground out 6-3 (Groundball, 6, EV 80.6 MPH)
|
|
Batting: LHB Tomas Segarra
|
0-0: Called Strike 0-1: Called Strike 0-2: SINGLE (Groundball, 34D, EV 105.6 MPH) (infield hit)
|
|
Batting: RHB Matt Sherard
|
0-0: Called Strike 0-1: Fly out, F9 (Flyball, 9S, EV 95.6 MPH)
|
|
Batting: RHB Scott Wiggs
|
0-0: Foul Ball, location: 2F 0-1: Ball 1-1: Ball 2-1: Foul Ball, location: 2F 2-2: Ball Tomas Segarra steals 2nd base 3-2: Foul Ball, location: 2F 3-2: 2-RUN HOME RUN (Flyball, 7D, EV 93.1 MPH), Distance : 380 ft
|
|
Pitching: RHP Tim Donovan
|
|
|
Batting: RHB Matt Black
|
0-0: Foul Ball, location: 2F 0-1: Swinging Strike 0-2: Strikes out swinging
|
| Top of the 5th over - 2 runs, 2 hits, 0 errors, 0 left on base; Oakland (APP) 7 - Bluefield 1 |
| BOTTOM OF THE 5TH |
|
Bluefield Blue Jays batting - Pitching for Oakland (APP) Athletics : RHP Jesus Moreno
|
|
Batting: RHB Dan Muns
|
0-0: Ball 1-0: Foul Ball, location: 2F 1-1: Ground out 5-3 (Groundball, 56, EV 106.2 MPH)
|
|
Batting: SHB Dominik Hasek II
|
0-0: Ball 1-0: Swinging Strike 1-1: Foul Ball, location: 2F 1-2: Ball 2-2: Ball 3-2: Strikes out swinging
|
|
Batting: RHB Mike Johnson
|
0-0: Ball 1-0: Called Strike 1-1: Ball 2-1: Foul Ball, location: 2F 2-2: Foul Ball, location: 2F 2-2: Ball 3-2: Base on Balls
|
|
Pitching: RHP A.J. Marston
|
|
|
Batting: RHB Stephen Casteel
|
0-0: Ball 1-0: Fly out, F7 (Flyball, 7S, EV 80.0 MPH)
|
| Bottom of the 5th over - 0 runs, 0 hits, 0 errors, 1 left on base; Oakland (APP) 7 - Bluefield 1 |
| TOP OF THE 6TH |
|
Oakland (APP) Athletics batting - Pitching for Bluefield Blue Jays : RHP Tim Donovan
|
|
Batting: SHB D.J. Codd
|
0-0: Called Strike 0-1: Ball 1-1: Swinging Strike 1-2: Ball 2-2: Ball 3-2: Fly out, F7 (Flyball, 78M, EV 86.9 MPH)
|
|
Batting: RHB Darius Mitchell
|
0-0: Ball 1-0: Called Strike 1-1: Ground out 4-3 (Groundball, 4S, EV 89.4 MPH)
|
|
Batting: RHB Zack DiCicco
|
0-0: Called Strike 0-1: Ball 1-1: Ball 2-1: Called Strike 2-2: SINGLE (Line Drive, 78S, EV 88.8 MPH)
|
|
Batting: LHB Nick Pacheco
|
0-0: Ball 1-0: Swinging Strike 1-1: Foul Ball, location: 2F 1-2: SINGLE (Groundball, 4D, EV 95.6 MPH) Zack DiCicco to second
|
|
Batting: RHB Antonio Olivares
|
0-0: Called Strike 0-1: Swinging Strike 0-2: Foul Ball, location: 2F 0-2: Ball 1-2: Strikes out swinging
|
| Top of the 6th over - 0 runs, 2 hits, 0 errors, 2 left on base; Oakland (APP) 7 - Bluefield 1 |
| BOTTOM OF THE 6TH |
|
Bluefield Blue Jays batting - Pitching for Oakland (APP) Athletics : RHP A.J. Marston
|
|
Batting: LHB Kurt Estep
|
0-0: Ball 1-0: Ball 2-0: Called Strike 2-1: Foul Ball, location: 2F 2-2: Foul Ball, location: 2F 2-2: Ball 3-2: DOUBLE (Line Drive, 9LS, EV 98.8 MPH)
|
|
Batting: RHB Bill Murray
|
0-0: Called Strike 0-1: Swinging Strike 0-2: Ball 1-2: Strikes out looking
|
|
Batting: RHB Victor Ayala
|
0-0: Ball Kurt Estep steals 3rd base 1-0: Called Strike 1-1: Ball 2-1: Ground out 6-3 (Groundball, 56, EV 89.4 MPH) Kurt Estep scores
|
|
Batting: LHB Eric Toney
|
0-0: Called Strike 0-1: Ball 1-1: Called Strike 1-2: Foul Ball, location: 2F 1-2: Fly out, F7 (Flyball, 7, EV 85.0 MPH)
|
| Bottom of the 6th over - 1 run, 1 hit, 0 errors, 0 left on base; Oakland (APP) 7 - Bluefield 2 |
| TOP OF THE 7TH |
|
Oakland (APP) Athletics batting - Pitching for Bluefield Blue Jays : RHP Tim Donovan
|
|
Batting: LHB Tomas Segarra
|
0-0: Called Strike 0-1: Foul Ball, location: 2F 0-2: Ball 1-2: Ground out 4-3 (Groundball, 4, EV 76.2 MPH)
|
|
Batting: RHB Matt Sherard
|
0-0: Ball 1-0: Ball 2-0: Called Strike 2-1: Fly out, F8 (Flyball, 78S, EV 82.5 MPH)
|
|
Batting: RHB Scott Wiggs
|
0-0: Ball 1-0: Ball 2-0: Called Strike 2-1: Ball 3-1: Foul Ball, location: 2F 3-2: Base on Balls
|
|
Pitching: RHP Chris Kroesen
|
|
|
Batting: RHB Matt Black
|
0-0: Called Strike 0-1: Ball 1-1: Swinging Strike 1-2: Strikes out swinging
|
| Top of the 7th over - 0 runs, 0 hits, 0 errors, 1 left on base; Oakland (APP) 7 - Bluefield 2 |
| BOTTOM OF THE 7TH |
|
Bluefield Blue Jays batting - Pitching for Oakland (APP) Athletics : RHP A.J. Marston
|
|
Batting: RHB Shunsuke Shiba Inu
|
0-0: Called Strike 0-1: Ball 1-1: Ball 2-1: SINGLE (Groundball, 5S, EV 71.9 MPH) (infield hit)
|
|
Batting: RHB Dan Muns
|
0-0: Ball 1-0: Ball Shunsuke Shiba Inu steals 2nd base 2-0: Ball 3-0: Base on Balls
|
|
Batting: SHB Dominik Hasek II
|
0-0: Foul Ball, location: 2F 0-1: Called Strike 0-2: Ball Wild Pitch! Shunsuke Shiba Inu to third Dan Muns to second 1-2: Foul Ball, location: 2F 1-2: Strikes out swinging
|
|
Batting: RHB Mike Johnson
|
0-0: Foul Ball, location: 2F 0-1: Ball 1-1: Swinging Strike 1-2: Foul Ball, location: 2F 1-2: Ground out 6-3 (Groundball, 6, EV 105.6 MPH) Shunsuke Shiba Inu scores
|
|
Pitching: LHP Kevin Barteaux
|
|
|
Batting: RHB Stephen Casteel
|
0-0: Called Strike 0-1: Ball 1-1: SINGLE (Line Drive, 89S, EV 105.6 MPH) Dan Muns to third Runner from 3rd tries for Home, SAFE, throw by CF to home
|
|
Batting: LHB Kurt Estep
|
0-0: Ball Stephen Casteel steals 2nd base (no throw) 1-0: Called Strike 1-1: Swinging Strike 1-2: Foul Ball, location: 2F 1-2: Ground out 6-3 (Groundball, 6M, EV 98.1 MPH)
|
| Bottom of the 7th over - 2 runs, 2 hits, 0 errors, 1 left on base; Oakland (APP) 7 - Bluefield 4 |
| TOP OF THE 8TH |
|
Oakland (APP) Athletics batting - Pitching for Bluefield Blue Jays : RHP Chris Kroesen
|
|
Batting: SHB D.J. Codd
|
0-0: Foul Ball, location: 2F 0-1: Foul Ball, location: 2F 0-2: Strikes out swinging
|
|
Batting: RHB Darius Mitchell
|
0-0: Swinging Strike 0-1: Swinging Strike 0-2: Ball 1-2: Ball 2-2: Ball 3-2: Foul Ball, location: 2F 3-2: Strikes out swinging
|
|
Batting: RHB Zack DiCicco
|
0-0: Swinging Strike 0-1: Foul Ball, location: 2F 0-2: Ball 1-2: Ball 2-2: Strikes out swinging
|
| Top of the 8th over - 0 runs, 0 hits, 0 errors, 0 left on base; Oakland (APP) 7 - Bluefield 4 |
| BOTTOM OF THE 8TH |
|
Bluefield Blue Jays batting - Pitching for Oakland (APP) Athletics : LHP Kevin Barteaux
|
|
Batting: RHB Bill Murray
|
0-0: Foul Ball, location: 2F 0-1: SINGLE (Line Drive, 8RS, EV 95.6 MPH)
|
|
Batting: RHB Victor Ayala
|
0-0: Called Strike 0-1: Swinging Strike 0-2: Foul Ball, location: 2F 0-2: Strikes out looking
|
|
Batting: LHB Eric Toney
|
0-0: Ball 1-0: Ball 2-0: Called Strike 2-1: Ball 3-1: Foul Ball, location: 2F 3-2: Fly out, F5 (Popup, 6S, EV 85.0 MPH)
|
|
Batting: RHB Shunsuke Shiba Inu
|
0-0: Ground out 1-3 (Groundball, 13, EV 66.9 MPH)
|
| Bottom of the 8th over - 0 runs, 1 hit, 0 errors, 1 left on base; Oakland (APP) 7 - Bluefield 4 |
| TOP OF THE 9TH |
|
Oakland (APP) Athletics batting - Pitching for Bluefield Blue Jays : RHP Chris Kroesen
|
|
Pitching: RHP Oswaldo Vasquez
|
|
|
Batting: LHB Nick Pacheco
|
0-0: Ball 1-0: Ball 2-0: Called Strike 2-1: Foul Ball, location: 2F 2-2: Ball 3-2: SINGLE (Groundball, 4MD, EV 100.0 MPH)
|
|
Batting: RHB Antonio Olivares
|
0-0: Bunted foul 0-1: Sac Bunt to 13S - play at first, batter OUT! 1-3 Nick Pacheco to second
|
|
Batting: LHB Tomas Segarra
|
0-0: Foul Ball, location: 2F 0-1: Swinging Strike 0-2: Ball 1-2: Strikes out looking
|
|
Batting: RHB Matt Sherard
|
0-0: Ball 1-0: Foul Ball, location: 2F 1-1: Ball 2-1: SINGLE (Line Drive, 78M, EV 105.6 MPH) Nick Pacheco to third Runner from 3rd tries for Home, throw by CF and OUT! 8-2
|
| Top of the 9th over - 0 runs, 2 hits, 0 errors, 1 left on base; Oakland (APP) 7 - Bluefield 4 |
| BOTTOM OF THE 9TH |
|
Bluefield Blue Jays batting - Pitching for Oakland (APP) Athletics : LHP Kevin Barteaux
|
|
Pitching: LHP Marc Wentzell
|
|
|
Batting: RHB Dan Muns
|
0-0: Ball 1-0: Ground out 5-3 (Groundball, 56S, EV 85.0 MPH)
|
|
Batting: SHB Dominik Hasek II
|
0-0: Swinging Strike 0-1: Foul Ball, location: 2F 0-2: Ball 1-2: Strikes out swinging
|
|
Batting: RHB Mike Johnson
|
0-0: Foul Ball, location: 2F 0-1: Called Strike 0-2: Foul Ball, location: 2F 0-2: Hit by Pitch
|
|
Batting: RHB Stephen Casteel
|
0-0: Foul Ball, location: 2F 0-1: Foul Ball, location: 2F 0-2: Fly out, F9 (Line Drive, 89D, EV 98.1 MPH)
|
| Bottom of the 9th over - 0 runs, 0 hits, 0 errors, 1 left on base; Oakland (APP) 7 - Bluefield 4 |
|